AoeStats
← I love Activision

Nomad

510042145Analyzed
4v4 RM · 4d ago on Sep 29, 2026· 44m 17s· 8 players
Game mode
Random Map
Map size
231×231
Population
200
Speed
Normal
Resources
Standard
Victory
Conquest
Starting age
Dark Age
Ending age
Imperial Age
RankedLock teamsTeams togetherTeam positionsShared explorationLock speedFull tech treeHidden civsTurbo modeCheats
Victory
Defeat
🇨🇳 Varangians · China
1394
+15
🇦🇺 Dravidians · Australia
1394
+15
🇵🇪 Italians · Peru
1352
+16
🇦🇺 Romans · Australia
1333
+17
🇨🇴 Danes · Colombia
1401
-18
🇺🇸 Britons · United States
1351
-15
🇲🇽 Koreans · Mexico
1346
-15
🇲🇽 Vietnamese · Mexico
1338
-15
红黑EX
4:58 Loom
12:43 Feudal Age
14:19 Bloodlines
15:36 Scale Barding Armor
16:12 Forging
21:41 Horse Collar
24:25 Man-at-Arms
26:10 Double-Bit Axe
36:58 Castle Age
36:29 Fishing Lines
38:00 Heavy Plow
38:29 Husbandry
39:09 Wheelbarrow
38:57 Vendel Legacy
40:31 Gold Mining
43:46 Bow Saw
I love Activision
5:12 Loom
12:17 Feudal Age
12:48 Double-Bit Axe
16:50 Fishing Lines
17:53 Town Watch
24:26 Castle Age
22:27 Horse Collar
25:18 Medium Warships
25:19 Bow Saw
25:01 Gillnets
28:00 Wheelbarrow
33:05 Hand Cart
37:29 Imperial Age
35:28 Fletching
35:51 Gold Mining
36:03 Heavy Plow
36:37 Thumb Ring
36:28 Bodkin Arrow
36:34 Padded Archer Armor
37:23 Ballistics
38:09 Leather Archer Armor
38:25 Bracer
39:27 Chemistry
39:48 Ring Archer Armor
40:16 Conscription
40:06 Husbandry
41:57 Masonry
42:26 Medical Corps
42:24 Elite Elephant Archer
45:25 Hoardings
i hate activision
4:42 Loom
12:51 Feudal Age
13:30 Man-at-Arms
14:44 Scale Mail Armor
14:54 Forging
22:31 Castle Age
21:01 Double-Bit Axe
23:39 Bow Saw
27:37 Fishing Lines
38:17 Ballistics
38:08 Gold Mining
40:19 Gillnets
JAGR | Rojnar
9:03 Loom
11:40 Feudal Age
12:31 Double-Bit Axe
20:04 Castle Age
18:20 Fishing Lines
18:43 Fletching
20:03 Gold Mining
21:03 Medium Warships
20:55 Town Watch
22:20 Bow Saw
23:23 Gillnets
24:19 Clinker Construction
24:19 Careening
24:57 Wheelbarrow
28:17 Hand Cart
31:12 Imperial Age
29:47 Bodkin Arrow
30:16 Ballistics
29:36 Treadmill Crane
30:56 Padded Archer Armor
33:04 Chemistry
31:29 Elite Skirmisher
32:37 Bracer
33:47 Conscription
34:06 Leather Archer Armor
36:20 Ring Archer Armor
38:47 Scale Barding Armor
38:47 Horse Collar
40:37 Elite Genoese Crossbowman
43:06 Two-Man Saw
42:06 Heavy Plow
43:12 Pirotechnia
44:27 Chain Barding Armor
44:17 Forging
Huichotzin
4:58 Loom
12:19 Feudal Age
16:42 Castle Age
15:53 Fishing Lines
17:21 Fletching
17:24 Gillnets
17:59 Medium Warships
18:32 Bodkin Arrow
21:19 Double-Bit Axe
24:31 Bow Saw
25:38 Horse Collar
26:46 Town Watch
33:07 Wheelbarrow
33:35 Crossbowman
39:54 Imperial Age
37:47 Scale Mail Armor
38:21 Stone Mining
38:40 Gold Mining
40:18 Arbalester
42:35 Chemistry
42:05 Ballistics
41:35 Arbalester
42:24 Thumb Ring
41:50 Elite Skirmisher
42:51 Bracer
43:08 Chain Mail Armor
42:59 Imperial Skirmisher
aje.omar
6:17 Loom
12:10 Feudal Age
17:46 Castle Age
17:04 Fletching
23:00 Bodkin Arrow
Dadagama
5:16 Loom
13:14 Feudal Age
19:57 Castle Age
20:45 Forging
20:36 Scale Mail Armor
23:52 Pikeman
29:26 Iron Casting
32:35 Arson
34:17 Squires
38:48 Wheelbarrow
38:59 Double-Bit Axe
39:00 Horse Collar
42:06 Man-at-Arms
42:32 Gambesons
43:03 Long Swordsman
Falso Caballero
13:04 Feudal Age
17:08 Castle Age
15:33 Double-Bit Axe
18:36 Bow Saw
18:32 Horse Collar
20:06 Forging
22:45 Fletching
25:25 Wheelbarrow
27:33 Gold Mining
28:54 Bodkin Arrow
32:16 Imperial Age
29:55 Man-at-Arms
31:03 Stone Mining
31:22 Padded Archer Armor
31:27 Scale Barding Armor
32:27 Husbandry
33:02 Bracer
33:42 Chain Barding Armor
35:45 Plate Barding Armor
34:58 Cavalier
37:32 Leather Archer Armor
38:02 Ballistics
37:46 Crossbowman
39:05 Elite Skirmisher
40:54 Ring Archer Armor
40:43 Imperial Skirmisher
42:40 Conscription
43:36 Chemistry
Connection lost

Rejoining the realm…

Still unreachable

The connection could not be restored.

Session expired

The server has moved on; the page needs a fresh start.